Login

St. Louis Blues vs Vegas Golden Knights

Created - 13 March 2024 at 23:11

Goals
1 2 3 T
St. Louis Blues 0 4 1 5
Vegas Golden Knights 0 0 2 2
Shots
1 2 3 T
St. Louis Blues 4 20 10 34
Vegas Golden Knights 11 6 16 33

GoalsPenalties
1st period
No Goal
Keegan Kolesar (VGK) for Slashing (Minor) at 10:39
Brett Howden (VGK) for Tripping (Minor) at 12:51
2nd period
1. St. Louis Blues , Brayden Schenn 4 (Pavel Buchnevich 7) at 5:37
2. St. Louis Blues , Alexey Toropchenko 2 (Paul Stastny 1, Torey Krug 2) at 6:55
3. St. Louis Blues , Robert Thomas 1 (Jordan Kyrou 3) at 7:05
4. St. Louis Blues , Pavel Buchnevich 4 (Justin Faulk 3, Jordan Kyrou 4) at 7:21 (PP)
Zach Whitecloud (VGK) for Roughing (Minor) at 0:48
Zach Whitecloud (VGK) for Slashing (Minor) at 7:15
3rd period
5. Vegas Golden Knights , Chandler Stephenson 1 (Jonathan Marchessault 2, Mark Stone 3) at 3:58
6. St. Louis Blues , Pavel Buchnevich 5 (Jordan Kyrou 5, Robert Thomas 3) at 5:57 (PP)
7. Vegas Golden Knights , Jack Eichel 2 (Ivan Barbashev 1, Zach Whitecloud 2) at 10:01
Brayden McNabb (VGK) for Hooking (Minor) at 5:39
Kasperi Kapanen (STL) for Tripping (Minor) at 12:25
Goalie Stats
Jaroslav Halak (STL), 31 saves from 33 shots - (0.939), W, 2-0-0, 60:00 minutes
Logan Thompson (VGK), 29 saves from 34 shots - (0.853), L, 3-1-0, 60:00 minutes
3 StarsOfficial
1 - Pavel Buchnevich (STL)
2 - Jordan Kyrou (STL)
3 - Robert Thomas (STL)
Referees : Ian Walsh and Robert Hennessey
Linesman : Steven Berry and Vaughan Rody
Game Note
No Game Note
Finance
Level 1 -- Attendance: 5233 (87.22%) -- Ticket Income $523,300
Level 2 -- Attendance: 4660 (93.20%) -- Ticket Income $279,600
Level 3 -- Attendance: 1920 (96.00%) -- Ticket Income $67,200
Level 4 -- Attendance: 3790 (94.75%) -- Ticket Income $94,750
Luxury Box -- Attendance: 948 (94.80%) -- Ticket Income $189,600
Game was played at the T-Mobile Arena.
Total Attendance: 16551 (91.95%)
Total Ticket Income: $1,154,450
Other Income: $565,680
Total Income: $1,720,130



Team Name Goals Shots Shots Attemp Shots Blocked PIM HIT PP PK FO%
St. Louis Blues 53470142232 / 5 (40%)041%
Vegas Golden Knights 233731210210 / 1 (0%)259%

St. Louis Blues
Player Name POS G A P +/- PIM HIT SHT SB MP PP MP PP SHT PK MP PK SHT FO% FOT GA TA
Adam GaudetteLW000100018:410:0000:0000% 000
Alexey ToropchenkoRW1011015012:382:4701:0100% 200
Brayden SchennC1010022118:374:0300:00064% 1101
Colton ParaykoD000-1012422:051:5300:5400% 001
Jakub VranaLW000-1002014:432:3800:0000% 000
Jesse PuljujarviRW000-1040012:090:0000:00025% 800
Jordan KyrouRW0331004019:543:1810:0000% 001
Justin FaulkD0111042123:574:0010:0000% 011
Kasperi KapanenRW000-1212012:100:0000:0000% 000
Kevin HayesRW0000013317:153:0300:0000% 000
Marco ScandellaD0000010014:270:0000:5400% 000
Nick HoldenD0002010120:020:2801:0500% 000
Paul StastnyC011101309:540:1300:58050% 400
Pavel BuchnevichLW2130005018:253:1821:0100% 410
Robert BortuzzoD0000010115:300:2801:0500% 010
Robert ThomasC1121003019:543:1800:00045% 2902
Sammy BlaisLW0001031018:000:2500:58033% 300
Torey KrugD0110020219:391:5300:0000% 010
Vegas Golden Knights
Player Name POS G A P +/- PIM HIT SHT SB MP PP MP PP SHT PK MP PK SHT FO% FOT GA TA
Alec MartinezD000-1012222:160:0003:2200% 000
Alex PietrangeloD000-1013223:010:4203:2510% 000
Brayden McNabbD000-1220120:090:0002:5600% 000
Brett HowdenC000-1223010:040:0000:00038% 810
Chandler StephensonC1011013016:231:1200:00071% 1410
Ivan BarbashevLW0111011014:120:4700:3300% 000
Jack EichelC1011002016:181:1202:15054% 1301
Jonathan MarchessaultLW0111012016:281:1700:0000% 010
Keegan KolesarRW000-1232010:050:0000:0000% 000
Mark StoneRW0111042119:561:1203:330100% 100
Michael AmadioRW0001010113:160:0000:33033% 300
Nicolas HagueD0001010216:320:0000:5200% 001
Nicolas RoyRW000-2022016:440:4702:1500% 020
Paul CotterLW000-2001013:320:0000:0000% 001
Shea TheodoreD000-1002018:241:1700:0000% 000
William CarrierLW000-1004210:480:4200:0000% 000
William KarlssonC000-2014017:530:4703:33064% 2210
Zach WhitecloudD0111400117:330:0002:0700% 001

St. Louis Blues

5 vs 5 Forward
Line #Left WingCenterRight WingPHYDFOFWanted %Time %Time Play
1Sammy BlaisRobert ThomasJordan Kyrou0233432%16:40
2Pavel BuchnevichBrayden SchennKevin Hayes0232827%14:10
3Jakub VranaJesse PuljujarviKasperi Kapanen1312424%12:09
4Adam GaudettePaul StastnyAlexey Toropchenko2211417%8:41
5 vs 5 Defense
Line #DefenseDefensePHYDFOFWanted %Time %Time Play
1Nick HoldenJustin Faulk1313636%18:47
2Torey KrugColton Parayko1313434%17:48
3Marco ScandellaRobert Bortuzzo2302426%13:33
4Justin FaulkColton Parayko12263%1:32
Power Play Forward
Line #Left WingCenterRight WingPHYDFOFWanted %Time %Time Play
1Pavel BuchnevichRobert ThomasJordan Kyrou0147056%3:34
2Jakub VranaAlexey ToropchenkoKevin Hayes0143044%2:47
Power Play Defense
Line #DefenseDefensePHYDFOFWanted %Time %Time Play
1Brayden SchennJustin Faulk1137070%4:28
2Torey KrugColton Parayko1133030%1:53
Penalty Kill 4 Players Forward
Line #CenterWingPHYDFOFWanted %Time %Time Play
1Pavel BuchnevichAlexey Toropchenko0415051%1:01
2Paul StastnySammy Blais1405049%0:58
Penalty Kill 4 Players Defense
Line #DefenseDefensePHYDFOFWanted %Time %Time Play
1Marco ScandellaColton Parayko1405045%0:54
2Nick HoldenRobert Bortuzzo1405055%1:05
Penalty Kill 3 Players
Line #WingPHYDFOFWanted %Time %Time PlayDefenseDefensePHYDFOFWanted %Time %Time Play
1Robert Thomas140500%0:00 Nick HoldenColton Parayko140500%0:00
2Alexey Toropchenko140500%0:00 Robert BortuzzoJustin Faulk140500%0:00
4 vs 4 Forward
Line #CenterWingPHYDFOFWanted %Time %Time Play
1Robert ThomasJordan Kyrou122500%0:00
2Brayden SchennPavel Buchnevich122500%0:00
4 vs 4 Defense
Line #DefensePHYDFOFWanted %Time %Time Play
1Torey KrugJustin Faulk122500%0:00
2Nick HoldenColton Parayko122500%0:00
Last Minutes Offensive
Left WingCenterRight WingDefenseDefense
Pavel BuchnevichRobert ThomasJordan KyrouColton ParaykoJustin Faulk
Last Minutes Defensive
Left WingCenterRight WingDefenseDefense
Pavel BuchnevichBrayden SchennAlexey ToropchenkoColton ParaykoJustin Faulk
Time
Total ForwardTotal DefenseLast Minutes OffensiveLast Minutes Defensive
60:00 60:00 0:000:00
Extra Forwards
Normal PowerPlayPenalty Kill
Pavel Buchnevich, Jordan Kyrou, Brayden SchennRobert Thomas, Kevin HayesRobert Thomas
Extra Defensemen
Normal PowerPlayPenalty Kill
Justin Faulk, Colton Parayko, Torey KrugNick Holden, Justin FaulkTorey Krug
Penalty Shots
Brayden Schenn, Jordan Kyrou, Pavel Buchnevich, Jakub Vrana, Robert Thomas
Goalie
Jaroslav Halak, Jordan Binnington
Custom OT Lines Forwards
Robert Thomas, Pavel Buchnevich, Brayden Schenn, Jordan Kyrou, Kevin Hayes, Kasperi Kapanen, Paul Stastny, Sammy Blais, Alexey Toropchenko, Jakub Vrana
Custom OT Lines Defensemen
Justin Faulk, Torey Krug, Colton Parayko, Nick Holden, Robert Bortuzzo
Scratches
Scott Perunovich (Healthy), Oskar Sundqvist (Strained Groin Injury), Joel Hofer (Healthy)

Vegas Golden Knights

5 vs 5 Forward
Line #Left WingCenterRight WingPHYDFOFWanted %Time %Time Play
1Jonathan MarchessaultChandler StephensonMark Stone1133029%15:12
2Paul CotterWilliam KarlssonNicolas Roy1132727%13:42
3Ivan BarbashevJack EichelMichael Amadio1222525%12:42
4William CarrierBrett HowdenKeegan Kolesar2211819%10:04
5 vs 5 Defense
Line #DefenseDefensePHYDFOFWanted %Time %Time Play
1Alec MartinezAlex Pietrangelo2213535%18:15
2Brayden McNabbShea Theodore2213334%17:24
3Nicolas HagueZach Whitecloud2212830%15:32
4Alec MartinezAlex Pietrangelo22141%0:29
Power Play Forward
Line #Left WingCenterRight WingPHYDFOFWanted %Time %Time Play
1Jack EichelChandler StephensonMark Stone0145561%1:12
2Ivan BarbashevWilliam KarlssonNicolas Roy0144539%0:47
Power Play Defense
Line #DefenseDefensePHYDFOFWanted %Time %Time Play
1Jonathan MarchessaultShea Theodore0055565%1:17
2William CarrierAlex Pietrangelo0144535%0:42
Penalty Kill 4 Players Forward
Line #CenterWingPHYDFOFWanted %Time %Time Play
1William KarlssonMark Stone1315665%4:06
2Jack EichelNicolas Roy1314435%2:15
Penalty Kill 4 Players Defense
Line #DefenseDefensePHYDFOFWanted %Time %Time Play
1Alec MartinezAlex Pietrangelo2305654%3:25
2Brayden McNabbZach Whitecloud2304446%2:56
Penalty Kill 3 Players
Line #WingPHYDFOFWanted %Time %Time PlayDefenseDefensePHYDFOFWanted %Time %Time Play
1Chandler Stephenson140570%0:00 Brayden McNabbZach Whitecloud230570%0:00
2Ivan Barbashev140430%0:00 Alec MartinezAlex Pietrangelo230430%0:00
4 vs 4 Forward
Line #CenterWingPHYDFOFWanted %Time %Time Play
1Chandler StephensonNicolas Roy122520%0:00
2William KarlssonIvan Barbashev122480%0:00
4 vs 4 Defense
Line #DefensePHYDFOFWanted %Time %Time Play
1Nicolas HagueZach Whitecloud131520%0:00
2Brayden McNabbShea Theodore131480%0:00
Last Minutes Offensive
Left WingCenterRight WingDefenseDefense
Jonathan MarchessaultChandler StephensonMark StoneAlex PietrangeloShea Theodore
Last Minutes Defensive
Left WingCenterRight WingDefenseDefense
William CarrierWilliam KarlssonMark StoneAlec MartinezAlex Pietrangelo
Time
Total ForwardTotal DefenseLast Minutes OffensiveLast Minutes Defensive
60:00 60:00 0:000:00
Extra Forwards
Normal PowerPlayPenalty Kill
Chandler Stephenson, William Karlsson, Mark StoneWilliam Karlsson, Chandler StephensonMichael Amadio
Extra Defensemen
Normal PowerPlayPenalty Kill
Alex Pietrangelo, Alec Martinez, Brayden McNabbAlex Pietrangelo, Nicolas HagueAlex Pietrangelo
Penalty Shots
Jack Eichel, Jonathan Marchessault, Paul Cotter, Shea Theodore, Mark Stone
Goalie
Logan Thompson, Adin Hill
Custom OT Lines Forwards
Chandler Stephenson, Jack Eichel, William Karlsson, Jonathan Marchessault, Mark Stone, Ivan Barbashev, Nicolas Roy, William Carrier, Michael Amadio, Keegan Kolesar
Custom OT Lines Defensemen
Shea Theodore, Alex Pietrangelo, Alec Martinez, Brayden McNabb, Nicolas Hague
Scratches
Pavel Dorofeyev (Healthy), Brayden Pachal (Healthy)


Play-by-Play

1st period


0:01 of 1st period - Chandler Stephenson wins face-off versus Robert Thomas in neutral zone.
0:28 of 1st period - Kevin Hayes is hit by Nicolas Roy and loses puck.
0:46 of 1st period - Off-side.
0:47 of 1st period - Brett Howden wins face-off versus Jesse Puljujarvi in neutral zone.
0:52 of 1st period - Snap shot by William Carrier.
0:52 of 1st period - Stopped by Jaroslav Halak with a rebound.
1:02 of 1st period - Wrist shot by Kasperi Kapanen.
1:02 of 1st period - Shot Misses the Net.
1:04 of 1st period - Slapshot by Torey Krug.
1:04 of 1st period - Deflect By Kasperi Kapanen.
1:04 of 1st period - Shot Misses the Net.
1:04 of 1st period - Puck is out of play.
1:05 of 1st period - Jack Eichel wins face-off versus Paul Stastny in Vegas Golden Knights zone.
1:55 of 1st period - Brett Howden is hit by Jesse Puljujarvi and loses puck.
2:23 of 1st period - Kevin Hayes is hit by William Karlsson.
3:03 of 1st period - Jonathan Marchessault is hit by Sammy Blais and loses puck.
3:08 of 1st period - Snap shot by Jordan Kyrou.
3:08 of 1st period - Stopped by Logan Thompson with a rebound.
3:10 of 1st period - Slapshot by Marco Scandella.
3:10 of 1st period - Shot Hit the Post.
3:26 of 1st period - Slapshot by William Carrier.
3:26 of 1st period - Shot Misses the Net.
3:28 of 1st period - Snap shot by Brett Howden.
3:28 of 1st period - Shot Misses the Net.
3:30 of 1st period - Snap shot by Keegan Kolesar.
3:30 of 1st period - Shot Misses the Net.
3:42 of 1st period - Torey Krug is hit by Brayden McNabb and loses puck.
4:13 of 1st period - Snap shot by Jonathan Marchessault.
4:13 of 1st period - Stopped by Jaroslav Halak without a rebound.
4:14 of 1st period - Jack Eichel wins face-off versus Robert Thomas in St. Louis Blues zone.
4:19 of 1st period - Wrist shot by Ivan Barbashev.
4:19 of 1st period - Stopped by Jaroslav Halak with a rebound.
4:21 of 1st period - Slapshot by Alec Martinez.
4:21 of 1st period - Stopped by Jaroslav Halak without a rebound.
4:22 of 1st period - Jack Eichel wins face-off versus Robert Thomas in St. Louis Blues zone.
5:03 of 1st period - Snap shot by Jordan Kyrou.
5:03 of 1st period - Shot Misses the Net.
6:01 of 1st period - Snap shot by Jack Eichel.
6:01 of 1st period - Shot Blocked by Justin Faulk.
6:05 of 1st period - Wrist shot by Jack Eichel.
6:05 of 1st period - Stopped by Jaroslav Halak without a rebound.
6:06 of 1st period - Jesse Puljujarvi wins face-off versus Chandler Stephenson in St. Louis Blues zone.
6:33 of 1st period - Jesse Puljujarvi is hit by Brett Howden and loses puck.
6:44 of 1st period - Snap shot by William Carrier.
6:44 of 1st period - Stopped by Jaroslav Halak with a rebound.
7:00 of 1st period - Kevin Hayes is hit by Brayden McNabb.
8:33 of 1st period - Alex Pietrangelo is hit by Jesse Puljujarvi and loses puck.
8:46 of 1st period - Brayden Schenn is hit by Jonathan Marchessault and loses puck.
9:03 of 1st period - Brayden McNabb is hit by Nick Holden and loses puck.
9:27 of 1st period - Icing by Brayden Schenn.
9:28 of 1st period - Brayden Schenn wins face-off versus Michael Amadio in St. Louis Blues zone.
9:47 of 1st period - Icing by Robert Thomas.
9:48 of 1st period - William Karlsson wins face-off versus Robert Thomas in St. Louis Blues zone.
10:17 of 1st period - Chandler Stephenson is hit by Torey Krug and loses puck.
10:39 of 1st period - Minor Penalty to Keegan Kolesar for Slashing.
10:40 of 1st period - William Karlsson wins face-off versus Robert Thomas in Vegas Golden Knights zone.
10:51 of 1st period - Mark Stone is hit by Brayden Schenn.
10:59 of 1st period - Mark Stone is hit by Justin Faulk and loses puck.
12:39 of 1st period - Penalty to Keegan Kolesar is over, Keegan Kolesar is back on ice.
12:46 of 1st period - Snap shot by Brett Howden.
12:46 of 1st period - Stopped by Jaroslav Halak with a rebound.
12:51 of 1st period - Minor Penalty to Brett Howden for Tripping.
12:52 of 1st period - William Karlsson wins face-off versus Alexey Toropchenko in Vegas Golden Knights zone.
13:00 of 1st period - Snap shot by Jakub Vrana.
13:00 of 1st period - Shot Misses the Net.
13:02 of 1st period - Wrist shot by Kevin Hayes.
13:02 of 1st period - Shot Misses the Net.
14:41 of 1st period - Kevin Hayes is hit by Ivan Barbashev and loses puck.
14:46 of 1st period - Slapshot by Ivan Barbashev.
14:46 of 1st period - Shot Misses the Net.
14:51 of 1st period - Penalty to Brett Howden is over, Brett Howden is back on ice.
15:50 of 1st period - Wrist shot by William Karlsson.
15:50 of 1st period - Shot Blocked by Robert Bortuzzo.
16:21 of 1st period - Wrist shot by Keegan Kolesar.
16:21 of 1st period - Shot Misses the Net.
16:41 of 1st period - Alec Martinez is hit by Brayden Schenn and loses puck.
17:17 of 1st period - Slapshot by Shea Theodore.
17:17 of 1st period - Shot Misses the Net.
17:19 of 1st period - Snap shot by Brett Howden.
17:19 of 1st period - Shot Misses the Net.
17:21 of 1st period - Slapshot by Brett Howden.
17:21 of 1st period - Shot Blocked by Colton Parayko.
17:35 of 1st period - Wrist shot by Paul Stastny.
17:35 of 1st period - Shot Misses the Net.
17:53 of 1st period - Wrist shot by Jordan Kyrou.
17:53 of 1st period - Stopped by Logan Thompson without a rebound.
17:54 of 1st period - Robert Thomas wins face-off versus Jack Eichel in Vegas Golden Knights zone.
18:01 of 1st period - Snap shot by Robert Thomas.
18:01 of 1st period - Stopped by Logan Thompson with a rebound.
18:03 of 1st period - Snap shot by Sammy Blais.
18:03 of 1st period - Shot Misses the Net.
18:05 of 1st period - Slapshot by Justin Faulk.
18:05 of 1st period - Deflect By Jack Eichel.
18:05 of 1st period - Stopped by Logan Thompson without a rebound.
18:06 of 1st period - William Karlsson wins face-off versus Pavel Buchnevich in Vegas Golden Knights zone.
18:13 of 1st period - Snap shot by William Karlsson.
18:13 of 1st period - Shot Misses the Net.
18:15 of 1st period - Wrist shot by Paul Cotter.
18:15 of 1st period - Shot Misses the Net.
18:21 of 1st period - Snap shot by William Karlsson.
18:21 of 1st period - Deflect By Nicolas Roy.
18:21 of 1st period - Stopped by Jaroslav Halak with a rebound.
19:01 of 1st period - Backhand shot by Keegan Kolesar.
19:01 of 1st period - Shot Misses the Net.
19:27 of 1st period - Wrist shot by Jonathan Marchessault.
19:27 of 1st period - Shot Blocked by Nick Holden.
19:33 of 1st period - Alec Martinez is hit by Sammy Blais and loses puck.
19:46 of 1st period - Snap shot by William Karlsson.
19:46 of 1st period - Stopped by Jaroslav Halak with a rebound.
19:48 of 1st period - Wrist shot by Paul Cotter.
19:48 of 1st period - Stopped by Jaroslav Halak with a rebound.
19:50 of 1st period - Slapshot by Alec Martinez.
19:50 of 1st period - Stopped by Jaroslav Halak with a rebound.
19:52 of 1st period - Slapshot by Alec Martinez.
19:52 of 1st period - Deflect By William Karlsson.
19:52 of 1st period - Shot Misses the Net.
19:52 of 1st period - Puck is out of play.
19:53 of 1st period - Robert Thomas wins face-off versus William Karlsson in St. Louis Blues zone.
19:53 of 1st period - Robert Thomas is hit by Nicolas Hague.
Goals for this period are 0 for St. Louis Blues vs 0 for Vegas Golden Knights.
Shots for this period are 4 for St. Louis Blues vs 11 for Vegas Golden Knights.

2nd period


0:01 of 2nd period - Robert Thomas wins face-off versus Chandler Stephenson in neutral zone.
0:04 of 2nd period - Chandler Stephenson is hit by Torey Krug and loses puck.
0:10 of 2nd period - Off-side.
0:11 of 2nd period - Robert Thomas wins face-off versus William Karlsson in neutral zone.
0:43 of 2nd period - Slapshot by Torey Krug.
0:43 of 2nd period - Shot Misses the Net.
0:48 of 2nd period - Minor Penalty to Zach Whitecloud for Roughing.
0:49 of 2nd period - William Karlsson wins face-off versus Robert Thomas in Vegas Golden Knights zone.
1:26 of 2nd period - Wrist shot by Alex Pietrangelo.
1:26 of 2nd period - Stopped by Jaroslav Halak with a rebound.
1:39 of 2nd period - Slapshot by Torey Krug.
1:39 of 2nd period - Deflect By Kevin Hayes.
1:39 of 2nd period - Shot Blocked by Alex Pietrangelo.
1:39 of 2nd period - Puck is out of play.
1:40 of 2nd period - William Karlsson wins face-off versus Robert Thomas in Vegas Golden Knights zone.
1:49 of 2nd period - Snap shot by Jordan Kyrou.
1:49 of 2nd period - Stopped by Logan Thompson without a rebound.
1:50 of 2nd period - William Karlsson wins face-off versus Robert Thomas in Vegas Golden Knights zone.
2:15 of 2nd period - Wrist shot by Jack Eichel.
2:15 of 2nd period - Deflect By Jordan Kyrou.
2:15 of 2nd period - Shot Blocked by Brayden Schenn.
2:15 of 2nd period - Puck is out of play.
2:16 of 2nd period - Mark Stone wins face-off versus Alexey Toropchenko in St. Louis Blues zone.
2:48 of 2nd period - Penalty to Zach Whitecloud is over, Zach Whitecloud is back on ice.
2:48 of 2nd period - Snap shot by Kevin Hayes.
2:48 of 2nd period - Shot Blocked by Brayden McNabb.
2:50 of 2nd period - Snap shot by Brayden Schenn.
2:50 of 2nd period - Shot Blocked by Nicolas Hague.
2:54 of 2nd period - Snap shot by Kevin Hayes.
2:54 of 2nd period - Stopped by Logan Thompson without a rebound.
2:55 of 2nd period - Chandler Stephenson wins face-off versus Robert Thomas in Vegas Golden Knights zone.
2:58 of 2nd period - Slapshot by Jordan Kyrou.
2:58 of 2nd period - Shot Misses the Net.
3:00 of 2nd period - Slapshot by Sammy Blais.
3:00 of 2nd period - Stopped by Logan Thompson without a rebound.
3:01 of 2nd period - Robert Thomas wins face-off versus Chandler Stephenson in Vegas Golden Knights zone.
4:14 of 2nd period - Slapshot by Shea Theodore.
4:14 of 2nd period - Shot Blocked by Adam Gaudette.
4:16 of 2nd period - Slapshot by Keegan Kolesar.
4:16 of 2nd period - Stopped by Jaroslav Halak without a rebound.
4:17 of 2nd period - Paul Stastny wins face-off versus Brett Howden in St. Louis Blues zone.
4:17 of 2nd period - Paul Stastny is hit by Keegan Kolesar.
4:31 of 2nd period - Backhand shot by Alexey Toropchenko.
4:31 of 2nd period - Stopped by Logan Thompson with a rebound.
4:43 of 2nd period - Snap shot by Keegan Kolesar.
4:43 of 2nd period - Shot Blocked by Colton Parayko.
4:53 of 2nd period - Wrist shot by Paul Stastny.
4:53 of 2nd period - Shot Misses the Net.
4:55 of 2nd period - Snap shot by Alexey Toropchenko.
4:55 of 2nd period - Stopped by Logan Thompson with a rebound.
4:57 of 2nd period - Slapshot by Torey Krug.
4:57 of 2nd period - Shot Blocked by Alex Pietrangelo.
4:59 of 2nd period - Slapshot by Torey Krug.
4:59 of 2nd period - Shot Blocked by William Carrier.
5:01 of 2nd period - Wrist shot by Alexey Toropchenko.
5:01 of 2nd period - Stopped by Logan Thompson with a rebound.
5:03 of 2nd period - Wrist shot by Torey Krug.
5:03 of 2nd period - Deflect By Paul Stastny.
5:03 of 2nd period - Stopped by Logan Thompson with a rebound.
5:05 of 2nd period - Snap shot by Alexey Toropchenko.
5:05 of 2nd period - Shot Blocked by Alec Martinez.
5:07 of 2nd period - Slapshot by Torey Krug.
5:07 of 2nd period - Deflect By Paul Stastny.
5:07 of 2nd period - Shot Misses the Net.
5:07 of 2nd period - Puck is out of play.
5:08 of 2nd period - Chandler Stephenson wins face-off versus Robert Thomas in Vegas Golden Knights zone.
5:21 of 2nd period - Sammy Blais is hit by Chandler Stephenson.
5:37 of 2nd period - Wrist shot by Brayden Schenn.
5:37 of 2nd period - Goal by Brayden Schenn - St. Louis Blues : 1 - Vegas Golden Knights : 0.
5:38 of 2nd period - Robert Thomas wins face-off versus William Karlsson in neutral zone.
5:45 of 2nd period - Snap shot by Jordan Kyrou.
5:45 of 2nd period - Shot Misses the Net.
6:05 of 2nd period - Brayden Schenn is hit by Mark Stone and loses puck.
6:27 of 2nd period - Slapshot by Jack Eichel.
6:27 of 2nd period - Shot Misses the Net.
6:29 of 2nd period - Snap shot by Jack Eichel.
6:29 of 2nd period - Shot Misses the Net.
6:31 of 2nd period - Slapshot by Jack Eichel.
6:31 of 2nd period - Shot Misses the Net.
6:33 of 2nd period - Snap shot by Alex Pietrangelo.
6:33 of 2nd period - Stopped by Jaroslav Halak with a rebound.
6:51 of 2nd period - Slapshot by Torey Krug.
6:51 of 2nd period - Shot Blocked by William Carrier.
6:53 of 2nd period - Slapshot by Paul Stastny.
6:53 of 2nd period - Stopped by Logan Thompson with a rebound.
6:55 of 2nd period - Snap shot by Alexey Toropchenko.
6:55 of 2nd period - Goal by Alexey Toropchenko - St. Louis Blues : 2 - Vegas Golden Knights : 0.
6:56 of 2nd period - Robert Thomas wins face-off versus William Karlsson in neutral zone.
7:05 of 2nd period - Slapshot by Robert Thomas.
7:05 of 2nd period - Goal by Robert Thomas - St. Louis Blues : 3 - Vegas Golden Knights : 0.
7:06 of 2nd period - Robert Thomas wins face-off versus William Karlsson in neutral zone.
7:13 of 2nd period - Snap shot by Torey Krug.
7:13 of 2nd period - Shot Misses the Net.
7:15 of 2nd period - Minor Penalty to Zach Whitecloud for Slashing.
7:16 of 2nd period - Robert Thomas wins face-off versus William Karlsson in Vegas Golden Knights zone.
7:17 of 2nd period - Snap shot by Jordan Kyrou.
7:17 of 2nd period - Shot Misses the Net.
7:19 of 2nd period - Slapshot by Justin Faulk.
7:19 of 2nd period - Stopped by Logan Thompson with a rebound.
7:21 of 2nd period - Wrist shot by Pavel Buchnevich.
7:21 of 2nd period - Goal by Pavel Buchnevich - St. Louis Blues : 4 - Vegas Golden Knights : 0.
7:22 of 2nd period - Chandler Stephenson wins face-off versus Robert Thomas in neutral zone.
7:25 of 2nd period - Justin Faulk is hit by Mark Stone and loses puck.
7:48 of 2nd period - Brayden McNabb is hit by Justin Faulk and loses puck.
7:53 of 2nd period - Slapshot by Kasperi Kapanen.
7:53 of 2nd period - Stopped by Logan Thompson with a rebound.
8:39 of 2nd period - Michael Amadio is hit by Paul Stastny and loses puck.
8:57 of 2nd period - Snap shot by Robert Thomas.
8:57 of 2nd period - Stopped by Logan Thompson without a rebound.
8:58 of 2nd period - Brett Howden wins face-off versus Jesse Puljujarvi in Vegas Golden Knights zone.
9:08 of 2nd period - Slapshot by Jakub Vrana.
9:08 of 2nd period - Shot Misses the Net.
9:10 of 2nd period - Wrist shot by Jakub Vrana.
9:10 of 2nd period - Shot Misses the Net.
9:12 of 2nd period - Slapshot by Kasperi Kapanen.
9:12 of 2nd period - Shot Misses the Net.
9:14 of 2nd period - Snap shot by Kasperi Kapanen.
9:14 of 2nd period - Deflect By Jakub Vrana.
9:14 of 2nd period - Stopped by Logan Thompson without a rebound.
9:15 of 2nd period - Sammy Blais wins face-off versus William Karlsson in Vegas Golden Knights zone.
9:47 of 2nd period - Snap shot by Jack Eichel.
9:47 of 2nd period - Shot Blocked by Kevin Hayes.
9:49 of 2nd period - Snap shot by Michael Amadio.
9:49 of 2nd period - Shot Misses the Net.
9:51 of 2nd period - Slapshot by Alex Pietrangelo.
9:51 of 2nd period - Shot Misses the Net.
9:55 of 2nd period - Snap shot by Ivan Barbashev.
9:55 of 2nd period - Shot Misses the Net.
10:56 of 2nd period - Slapshot by Nicolas Roy.
10:56 of 2nd period - Shot Misses the Net.
11:01 of 2nd period - Off-side.
11:02 of 2nd period - Jack Eichel wins face-off versus Brayden Schenn in neutral zone.
11:23 of 2nd period - Brayden Schenn is hit by Alex Pietrangelo and loses puck.
11:34 of 2nd period - Snap shot by Brayden Schenn.
11:34 of 2nd period - Stopped by Logan Thompson without a rebound.
11:35 of 2nd period - William Karlsson wins face-off versus Robert Thomas in Vegas Golden Knights zone.
12:11 of 2nd period - Off-side.
12:12 of 2nd period - Jack Eichel wins face-off versus Robert Thomas in neutral zone.
13:37 of 2nd period - Shea Theodore is hit by Sammy Blais and loses puck.
13:50 of 2nd period - Wrist shot by Jordan Kyrou.
13:50 of 2nd period - Stopped by Logan Thompson with a rebound.
14:30 of 2nd period - Wrist shot by William Karlsson.
14:30 of 2nd period - Stopped by Jaroslav Halak with a rebound.
14:32 of 2nd period - Slapshot by Shea Theodore.
14:32 of 2nd period - Deflect By William Karlsson.
14:32 of 2nd period - Stopped by Jaroslav Halak with a rebound.
14:34 of 2nd period - Snap shot by Paul Cotter.
14:34 of 2nd period - Shot Blocked by Torey Krug.
14:36 of 2nd period - Snap shot by Shea Theodore.
14:36 of 2nd period - Deflect By Nicolas Roy.
14:36 of 2nd period - Shot Blocked by Colton Parayko.
14:36 of 2nd period - Puck is out of play.
14:37 of 2nd period - Brayden Schenn wins face-off versus Chandler Stephenson in St. Louis Blues zone.
14:48 of 2nd period - Snap shot by Chandler Stephenson.
14:48 of 2nd period - Shot Misses the Net.
15:19 of 2nd period - Ivan Barbashev is hit by Kasperi Kapanen and loses puck.
15:57 of 2nd period - Wrist shot by Kevin Hayes.
15:57 of 2nd period - Stopped by Logan Thompson without a rebound.
15:58 of 2nd period - Chandler Stephenson wins face-off versus Jesse Puljujarvi in Vegas Golden Knights zone.
16:12 of 2nd period - Slapshot by Chandler Stephenson.
16:12 of 2nd period - Stopped by Jaroslav Halak with a rebound.
16:24 of 2nd period - Brett Howden is hit by Robert Bortuzzo and loses puck.
16:31 of 2nd period - Robert Bortuzzo is hit by Brett Howden and loses puck.
17:37 of 2nd period - Wrist shot by Pavel Buchnevich.
17:37 of 2nd period - Stopped by Logan Thompson with a rebound.
17:39 of 2nd period - Snap shot by Pavel Buchnevich.
17:39 of 2nd period - Shot Misses the Net.
18:04 of 2nd period - Michael Amadio is hit by Colton Parayko and loses puck.
18:17 of 2nd period - Ivan Barbashev is hit by Marco Scandella and loses puck.
18:45 of 2nd period - Alexey Toropchenko is hit by Keegan Kolesar and loses puck.
19:28 of 2nd period - Brayden Schenn is hit by Mark Stone and loses puck.
19:50 of 2nd period - Icing by Jordan Kyrou.
19:51 of 2nd period - Robert Thomas wins face-off versus Jack Eichel in St. Louis Blues zone.
Goals for this period are 4 for St. Louis Blues vs 0 for Vegas Golden Knights.
Shots for this period are 20 for St. Louis Blues vs 6 for Vegas Golden Knights.

3rd period


0:01 of 3rd period - Chandler Stephenson wins face-off versus Brayden Schenn in neutral zone.
0:06 of 3rd period - Wrist shot by Chandler Stephenson.
0:06 of 3rd period - Stopped by Jaroslav Halak with a rebound.
0:26 of 3rd period - Snap shot by Jordan Kyrou.
0:26 of 3rd period - Shot Blocked by Michael Amadio.
0:46 of 3rd period - Snap shot by William Karlsson.
0:46 of 3rd period - Stopped by Jaroslav Halak without a rebound.
0:47 of 3rd period - William Karlsson wins face-off versus Jesse Puljujarvi in St. Louis Blues zone.
1:06 of 3rd period - Alec Martinez is hit by Jesse Puljujarvi.
1:14 of 3rd period - Jesse Puljujarvi is hit by Mark Stone and loses puck.
1:51 of 3rd period - Wrist shot by Mark Stone.
1:51 of 3rd period - Shot Blocked by Colton Parayko.
1:53 of 3rd period - Snap shot by Mark Stone.
1:53 of 3rd period - Stopped by Jaroslav Halak without a rebound.
1:54 of 3rd period - Brayden Schenn wins face-off versus Jack Eichel in St. Louis Blues zone.
1:54 of 3rd period - Brayden Schenn is hit by Michael Amadio.
2:20 of 3rd period - Zach Whitecloud is hit by Justin Faulk and loses puck.
2:42 of 3rd period - Off-side.
2:43 of 3rd period - Paul Stastny wins face-off versus Brett Howden in neutral zone.
3:02 of 3rd period - Slapshot by William Carrier.
3:02 of 3rd period - Stopped by Jaroslav Halak without a rebound.
3:03 of 3rd period - Brayden Schenn wins face-off versus Jack Eichel in St. Louis Blues zone.
3:18 of 3rd period - Wrist shot by Kevin Hayes.
3:18 of 3rd period - Shot Misses the Net.
3:20 of 3rd period - Slapshot by Colton Parayko.
3:20 of 3rd period - Stopped by Logan Thompson without a rebound.
3:21 of 3rd period - Robert Thomas wins face-off versus William Karlsson in Vegas Golden Knights zone.
3:52 of 3rd period - Snap shot by Jonathan Marchessault.
3:52 of 3rd period - Shot Misses the Net.
3:56 of 3rd period - Slapshot by Jonathan Marchessault.
3:56 of 3rd period - Shot Misses the Net.
3:58 of 3rd period - Wrist shot by Chandler Stephenson.
3:58 of 3rd period - Goal by Chandler Stephenson - St. Louis Blues : 4 - Vegas Golden Knights : 1.
3:59 of 3rd period - Robert Thomas wins face-off versus Jack Eichel in neutral zone.
4:28 of 3rd period - Snap shot by William Karlsson.
4:28 of 3rd period - Shot Misses the Net.
4:30 of 3rd period - Slapshot by Brayden McNabb.
4:30 of 3rd period - Deflect By Paul Cotter.
4:30 of 3rd period - Shot Misses the Net.
4:30 of 3rd period - Puck is out of play.
4:31 of 3rd period - Chandler Stephenson wins face-off versus Brayden Schenn in St. Louis Blues zone.
4:32 of 3rd period - Backhand shot by Mark Stone.
4:32 of 3rd period - Stopped by Jaroslav Halak with a rebound.
4:36 of 3rd period - Slapshot by Jonathan Marchessault.
4:36 of 3rd period - Shot Blocked by Kevin Hayes.
4:38 of 3rd period - Snap shot by Jonathan Marchessault.
4:38 of 3rd period - Stopped by Jaroslav Halak without a rebound.
4:39 of 3rd period - Chandler Stephenson wins face-off versus Sammy Blais in St. Louis Blues zone.
4:40 of 3rd period - Snap shot by Mark Stone.
4:40 of 3rd period - Shot Misses the Net.
4:42 of 3rd period - Snap shot by Chandler Stephenson.
4:42 of 3rd period - Shot Misses the Net.
4:44 of 3rd period - Snap shot by Alec Martinez.
4:44 of 3rd period - Deflect By Mark Stone.
4:44 of 3rd period - Shot Misses the Net.
4:44 of 3rd period - Puck is out of play.
4:45 of 3rd period - William Karlsson wins face-off versus Robert Thomas in St. Louis Blues zone.
4:48 of 3rd period - Snap shot by Nicolas Roy.
4:48 of 3rd period - Stopped by Jaroslav Halak with a rebound.
4:58 of 3rd period - Snap shot by Robert Thomas.
4:58 of 3rd period - Shot Misses the Net.
5:00 of 3rd period - Snap shot by Colton Parayko.
5:00 of 3rd period - Deflect By William Karlsson.
5:00 of 3rd period - Stopped by Logan Thompson with a rebound.
5:02 of 3rd period - Backhand shot by Sammy Blais.
5:02 of 3rd period - Shot Misses the Net.
5:18 of 3rd period - Wrist shot by Pavel Buchnevich.
5:18 of 3rd period - Stopped by Logan Thompson with a rebound.
5:39 of 3rd period - Minor Penalty to Brayden McNabb for Hooking.
5:40 of 3rd period - William Karlsson wins face-off versus Pavel Buchnevich in Vegas Golden Knights zone.
5:57 of 3rd period - Snap shot by Pavel Buchnevich.
5:57 of 3rd period - Goal by Pavel Buchnevich - St. Louis Blues : 5 - Vegas Golden Knights : 1.
5:58 of 3rd period - Jack Eichel wins face-off versus Pavel Buchnevich in neutral zone.
6:47 of 3rd period - Brayden McNabb is hit by Jesse Puljujarvi and loses puck.
6:59 of 3rd period - Icing by Paul Cotter.
7:00 of 3rd period - William Karlsson wins face-off versus Brayden Schenn in Vegas Golden Knights zone.
7:00 of 3rd period - William Karlsson is hit by Kevin Hayes.
7:31 of 3rd period - Nick Holden is hit by Nicolas Roy and loses puck.
7:58 of 3rd period - Off-side.
7:59 of 3rd period - Brayden Schenn wins face-off versus Brett Howden in neutral zone.
8:01 of 3rd period - Off-side.
8:02 of 3rd period - Brayden Schenn wins face-off versus Brett Howden in neutral zone.
8:17 of 3rd period - Wrist shot by Keegan Kolesar.
8:17 of 3rd period - Deflect By Torey Krug.
8:17 of 3rd period - Stopped by Jaroslav Halak with a rebound.
8:52 of 3rd period - Wrist shot by Pavel Buchnevich.
8:52 of 3rd period - Stopped by Logan Thompson with a rebound.
9:04 of 3rd period - Slapshot by Pavel Buchnevich.
9:04 of 3rd period - Shot Blocked by Mark Stone.
9:06 of 3rd period - Wrist shot by Marco Scandella.
9:06 of 3rd period - Deflect By Pavel Buchnevich.
9:06 of 3rd period - Shot Blocked by Alec Martinez.
9:06 of 3rd period - Puck is out of play.
9:07 of 3rd period - Jack Eichel wins face-off versus Sammy Blais in Vegas Golden Knights zone.
9:37 of 3rd period - Wrist shot by Jakub Vrana.
9:37 of 3rd period - Stopped by Logan Thompson without a rebound.
9:38 of 3rd period - Brett Howden wins face-off versus Jesse Puljujarvi in Vegas Golden Knights zone.
9:43 of 3rd period - Snap shot by Brett Howden.
9:43 of 3rd period - Stopped by Jaroslav Halak without a rebound.
9:44 of 3rd period - Jesse Puljujarvi wins face-off versus Jack Eichel in St. Louis Blues zone.
9:59 of 3rd period - Snap shot by Jack Eichel.
9:59 of 3rd period - Shot Blocked by Torey Krug.
10:01 of 3rd period - Wrist shot by Jack Eichel.
10:01 of 3rd period - Goal by Jack Eichel - St. Louis Blues : 5 - Vegas Golden Knights : 2.
10:02 of 3rd period - William Karlsson wins face-off versus Robert Thomas in neutral zone.
10:07 of 3rd period - Slapshot by Shea Theodore.
10:07 of 3rd period - Stopped by Jaroslav Halak without a rebound.
10:08 of 3rd period - William Karlsson wins face-off versus Robert Thomas in St. Louis Blues zone.
10:11 of 3rd period - Backhand shot by Shea Theodore.
10:11 of 3rd period - Stopped by Jaroslav Halak with a rebound.
10:59 of 3rd period - Icing by Kevin Hayes.
11:00 of 3rd period - Brayden Schenn wins face-off versus Brett Howden in St. Louis Blues zone.
11:00 of 3rd period - Brayden Schenn is hit by Keegan Kolesar.
11:08 of 3rd period - Snap shot by Kevin Hayes.
11:08 of 3rd period - Stopped by Logan Thompson with a rebound.
11:22 of 3rd period - Wrist shot by Brett Howden.
11:22 of 3rd period - Shot Blocked by Kevin Hayes.
11:42 of 3rd period - Snap shot by Alex Pietrangelo.
11:42 of 3rd period - Stopped by Jaroslav Halak with a rebound.
11:44 of 3rd period - Wrist shot by William Carrier.
11:44 of 3rd period - Stopped by Jaroslav Halak without a rebound.
11:45 of 3rd period - Robert Thomas wins face-off versus Michael Amadio in St. Louis Blues zone.
12:25 of 3rd period - Minor Penalty to Kasperi Kapanen for Tripping.
12:26 of 3rd period - Chandler Stephenson wins face-off versus Pavel Buchnevich in St. Louis Blues zone.
12:38 of 3rd period - Off-side.
12:39 of 3rd period - Chandler Stephenson wins face-off versus Paul Stastny in neutral zone.
14:25 of 3rd period - Penalty to Kasperi Kapanen is over, Kasperi Kapanen is back on ice.
15:52 of 3rd period - Wrist shot by Kasperi Kapanen.
15:52 of 3rd period - Stopped by Logan Thompson without a rebound.
15:53 of 3rd period - Michael Amadio wins face-off versus Jesse Puljujarvi in Vegas Golden Knights zone.
16:16 of 3rd period - William Karlsson is hit by Justin Faulk and loses puck.
17:02 of 3rd period - Snap shot by Kevin Hayes.
17:02 of 3rd period - Shot Misses the Net.
18:07 of 3rd period - Snap shot by Brett Howden.
18:07 of 3rd period - Stopped by Jaroslav Halak with a rebound.
18:28 of 3rd period - Adam Gaudette is hit by Alec Martinez and loses puck.
18:54 of 3rd period - Slapshot by Torey Krug.
18:54 of 3rd period - Shot Misses the Net.
18:56 of 3rd period - Snap shot by Alexey Toropchenko.
18:56 of 3rd period - Stopped by Logan Thompson with a rebound.
19:38 of 3rd period - Keegan Kolesar is hit by Alexey Toropchenko and loses puck.
19:43 of 3rd period - Slapshot by Paul Stastny.
19:43 of 3rd period - Stopped by Logan Thompson with a rebound.
19:45 of 3rd period - Snap shot by Paul Stastny.
19:45 of 3rd period - Shot Blocked by Nicolas Hague.
19:47 of 3rd period - Wrist shot by Adam Gaudette.
19:47 of 3rd period - Shot Blocked by Zach Whitecloud.
Goals for this period are 1 for St. Louis Blues vs 2 for Vegas Golden Knights.
Shots for this period are 10 for St. Louis Blues vs 16 for Vegas Golden Knights.